 Dungeon Crawl Stone Soup version 0.19.4 (webtiles) character file.

25 volk64 the Sneak (level 2, 0/22 HPs)
             Began as a Vampire Assassin on Feb 3, 2017.
             Succumbed to an adder's poison
             ... on level 2 of the Dungeon.
             The game lasted 00:04:47 (961 turns).

volk64 the Sneak (Vampire Assassin)                  Turns: 961, Time: 00:04:48

Health: 0/22       AC:  3    Str: 10    XL:     2   Next: 82%
Magic:  1/1        EV: 12    Int: 13    God:
Gold:   75         SH:  0    Dex: 15    Spells: 0 memorised, 1 level left

rFire  . . .     SeeInvis +     m - +2 dagger (flame)
rCold  . . .     Gourm    .     c - +0 robe
rNeg   + . .     Faith    .     (no shield)
rPois  .         Spirit   .     (no helmet)
rElec  .         Reflect  .     d - +0 cloak
rCorr  .         Harm     .     (no gloves)
MR     .....                    (no boots)
Stlth  ++++......               (no amulet)
                                (no ring)
                                (no ring)

@: lethally poisoned (0 -> -2), very slightly contaminated
A: fangs 3, camouflage 1, see invisible, low mp 1, wild magic 1, unbreathing
a: no special abilities


You were on level 2 of the Dungeon.
You were not thirsty.

You visited 1 branch of the dungeon, and saw 2 of its levels.

You collected 75 gold pieces.

Inventory:

Hand Weapons
 a - a +2 dagger
 b - a +0 blowgun
 m - a +2 dagger of flaming (weapon)
Missiles
 e - 30 poisoned needles
 f - 2 curare-tipped needles
Armour
 c - a +0 robe (worn)
 d - a +0 cloak (worn)
Scrolls
 i - 4 scrolls of identify
Potions
 g - 4 potions of blood
 n - 3 potions of flight
 p - a potion of agility


   Skills:
 + Level 2.0 Fighting
 + Level 2.5 Short Blades
 + Level 1.8 Throwing
 + Level 1.1 Dodging
 + Level 6.6 Stealth


You had one spell level left.
You didn't know any spells.

Dungeon Overview and Level Annotations

Branches:
Dungeon (2/15)

Altars:


Innate Abilities, Weirdness & Mutations

You have razor-sharp teeth.
You have supernaturally acute eyesight. (SInv)
You can survive without breathing.
Your skin changes colour to match your surroundings (Stealth+).
Your magical capacity is low. (-10% MP)
Your spells are a little harder to cast, but a little more powerful.


Message History

You hit the kobold but do no damage. The kobold hits you but does no damage.
You hit the kobold. You burn the kobold.
The kobold is severely wounded.
The kobold hits you but does no damage.
You barely miss the kobold.
The kobold is severely wounded.
The kobold closely misses you.
You hit the kobold but do no damage. Your bite misses the kobold.
The kobold is severely wounded.
You hit the kobold. You burn the kobold.
You kill the kobold!
* * * LOW HITPOINT WARNING * * *
You feel sick.
The goblin throws a stone.
The stone misses you. The goblin misses you.
Things that are here:
an enchanted dagger; a kobold corpse; an adder corpse You closely miss the goblin.
The goblin barely misses you.
You hit the goblin. You burn the goblin.
You kill the goblin!
You die...

******** *##,,,,,,* *).,,,,,,*
### *.#*#*#,,* ##.## *.#$#.#,,*
##.#.## *.#((.*,,* ######.###.##
*..(,,*,,* ......##
##.#####.#,,,*,,*
.#####.###.#(..)@(#,*,*,,* .#
#..#.##.###..#****,,******** .#
#.#.###.# #...[.,,,,,,,,,,,, .#
#....##.# #######**********,
.#####..#.##.# #########** *,
....#...#....#######.>......,* *,
###.#.#####...##...<....####,***,
#.#...#.....##.###.##.#**,,,**,
#...#.#.##.........#*,#*,,,,,*,


There were no monsters in sight!

Vanquished Creatures
  An adder (D:2)
  2 bats
  A giant cockroach (D:2)
  4 goblins
  A hobgoblin (D:1)
  A frilled lizard (D:1)
  4 kobolds
  2 rats
16 creatures vanquished.

Notes
Turn   | Place    | Note
-------+----------+-------------------------------------------
     0 | D:1      | volk64 the Vampire Assassin began the quest for the Orb.
     0 | D:1      | Reached XP level 1. HP: 16/16 MP: 1/1
   170 | D:1      | Reached skill level 6 in Stealth
   702 | D:2      | Reached XP level 2. HP: 13/22 MP: 2/2
   861 | D:2      | Gained mutation: Your skin changes colour to match your surroundings (Stealth+). [potion of mutation]
   861 | D:2      | Gained mutation: Your magical capacity is low. (-10% MP) [potion of mutation]
   861 | D:2      | Gained mutation: Your spells are a little harder to cast, but a little more powerful. [potion of mutation]
   952 | D:2      | HP: 1/22 [poisoned by an adder]
   957 | D:2      | HP: 1/22 [poisoned by an adder]
   961 | D:2      | Succumbed to an adder's poison

Skill      XL: |  1  2 |
---------------+-------+-----
Stealth        | 6 |  6.6
Fighting       | 2 |  2.0
Short Blades   | |  2.5
Throwing       | |  1.8
Dodging        | |  1.1

Action                   || total
-------------------------++-------
Melee: Dagger            ||    40
       Bite              ||     2
 Fire: Blowgun           ||    12
  Use: Potion            ||     7
       Scroll            ||     4
Armor: Robe              ||     3
Dodge: Dodged            ||    25
